Peanut, chaotic male elven Priest ------ --.--.--- |.......| --- |.......---.--- ---..--..)......| |.).-----...--.-- |.--- |.<----- |.| ---- |.| -- |@...| ..G..-- ......-- ........| ---.-....| --.....- ..... -..... |..... |...--- ----- Peanut the Acolyte Experience level: 3 Strength: 12 Dexterity: 10 Constitution: 13 Intelligence: 13 Wisdom: 20 Charisma: 9 Health: 0(19) Energy: 47(47) Def: 5 Gold: 193 Moves: 1542 Dungeon seed: NpSQas1Cikj6KAPa Game ID: Peanut_1615045706 Your Inventory: Coins $ - 193 gold pieces Weapons a - a blessed +1 mace (weapon in hand) Armor e - a +0 robe (being worn) n - a +1 small shield (being worn) r - a +0 orcish helm (being worn) Comestibles c - a clove of garlic d - a sprig of wolfsbane s - a tripe ration u - a food ration w - a food ration Scrolls i - a cursed scroll of confuse monster Spellbooks f - a spellbook of healing g - a spellbook of cure blindness Potions b - 4 potions of holy water Tools l - a wax candle (0:400) x - 3 blessed wax candles (0:400) A - a tallow candle (0:200) Gems q - 3 worthless pieces of white glass y - a worthless piece of orange glass Spells and supernatural/magical abilities: Name Level Category Fail Memory h - healing 1 healing 0% 93% B - cure blindness 2 healing 22% 93% W - pray for help -- divine ? -- X - turn undead -- divine ? -- Your skills at the end: Fighting Skills Weapon Skills mace [Basic] Spellcasting Skills clerical spells [Basic] Final Attributes: You were piously aligned. You had infravision. You are dead. Vanquished creatures: an orc zombie 2 acid blobs a hobbit a giant rat 3 gnomes a gecko 3 jackals a kobold 5 goblins 3 grid bugs a lichen 2 newts 24 creatures vanquished. Voluntary challenges: You used a wielded weapon 24 times, starting on turn 48. You read items or engraved 2 times, starting on turn 279. You never genocided any monsters. You never polymorphed an object. You never changed form. You used no wishes. You never split a pudding. You never wrote Elbereth's name. You never violated your personal moral code. Dungeon overview: The Dungeons of Doom: levels 1 to 3 Level 1 a sink a long staircase Level 2 a fountain Level 3 a general store stairs to The Gnomish Mines The Gnomish Mines: Level 4 <- You were here stairs to The Dungeons of Doom History has recorded: On T:1 you entered the Dungeons of Doom to retrieve the Amulet of Yendor! On T:325 you advanced to experience level 2. On T:462 you reached level 2 of The Dungeons of Doom. On T:753 you reached level 3 of The Dungeons of Doom. On T:1125 you advanced to experience level 3. On T:1497 you reached level 1 of The Gnomish Mines. Score breakdown: Gold: 193 ( 7782 points) Experience: 3 levels ( 7878 points) Exploration: 4 levels ( 8.89%) ( 7833 points) Discoveries: 7 items ( 2.44%) ( 4685 points) Valuables value: (no points given unless you survive) Artifact value: 0 ( 0 points) Variety of kills: 12 monsters ( 3.15%) ( 5324 points) Turncount: 1542 turns ( 0 points) Survival: died (score multiplied by 80%) Total score: 26801 Latest messages: A - a tallow candle. q - a white gem. As you read the scroll, it disappears. Your small shield glows silver for a moment. You stop running. The gnomish wizard casts a spell at you! Your brain is on fire! You miss the gnomish wizard. The gnomish wizard points at you, then curses. You miss the gnomish wizard. The gnomish wizard points at you, then curses. You miss the gnomish wizard. The gnomish wizard points at you, then curses. (2x) You hit the gnomish wizard! The gnomish wizard points at you, then curses. You miss the gnomish wizard. The gnomish wizard points all around, then curses. You miss the gnomish wizard. The gnomish wizard points at you, then curses. You miss the gnomish wizard. The gnomish wizard casts a spell at you! Your brain is on fire! You die... Final status: Goodbye Peanut the Priest, killed by a gnomish wizard... You died in The Gnomish Mines on dungeon level 4 with 26801 points, and 193 pieces of gold, after 1542 moves. You were level 3 with a maximum of 19 hit points when you died.